 Dungeon Crawl Stone Soup version 0.19.1 (webtiles) character file.

70 graki42 the Cudgeler (level 4, 38/49 HPs)
             Began as an Ogre Chaos Knight on Dec 22, 2016.
             Quit the game on level 2 of the Dungeon on Dec 23, 2016.
             The game lasted 00:03:36 (1152 turns).

graki42 the Cudgeler (Ogre Chaos Knight)            Turns: 1152, Time: 00:03:37

Health: 38/49      AC:  5    Str: 18    XL:     4   Next: 22%
Magic:  4/4        EV: 10    Int: 11    God:    Xom [...*..]
Gold:   116        SH:  0    Dex:  9    Spells: 0 memorised, 3 levels left

rFire  . . .     SeeInvis .     a - +0 mace (chaos)
rCold  . . .     Gourm    .     b - +2 robe
rNeg   . . .     Faith    .     (no shield)
rPois  .         Spirit   .     (helmet restricted)
rElec  .         Reflect  .     (no cloak)
rCorr  .         Harm     .     (gloves unavailable)
MR     .....                    (boots unavailable)
Stlth  +.........               (no amulet)
                                (no ring)
                                (no ring)

@: mildly poisoned (38 -> 35)
A: unfitting armour, tough skin 1
a: Renounce Religion


You were on level 2 of the Dungeon.
You worshipped Xom.
You were a favourite toy of Xom.
You were very hungry.

You visited 1 branch of the dungeon, and saw 2 of its levels.

You collected 116 gold pieces.

Inventory:

Hand Weapons
 a - a +0 mace of chaos (weapon)
 h - a -3 whip
Armour
 b - a +2 robe (worn)
Scrolls
 d - a scroll of immolation {unknown}
 e - a scroll of teleportation {unknown}
 j - 2 scrolls of enchant armour {unknown}
Potions
 f - a potion of flight {unknown}
 g - a potion of berserk rage {unknown}
Comestibles
 c - 2 bread rations
 i - a meat ration


   Skills:
 + Level 4.8 Fighting
 + Level 5.3 Maces & Flails
 + Level 2.6 Dodging
 + Level 0.2 Stealth


You had 3 spell levels left.
You didn't know any spells.

Dungeon Overview and Level Annotations

Branches:
Dungeon (2/15)

Altars:
The Shining One


Innate Abilities, Weirdness & Mutations

You are too large for most types of armour.
You have tough skin. (AC +1)


Message History

a club; a hobgoblin corpse You miss the adder.
You feel sick. The bat misses you. The adder barely misses you.
You closely miss the adder.
You feel sick. The bat hits you but does no damage. The adder bites you.
You are more poisoned.
The adder poisons you! The adder bites you but does no damage.
You miss the adder. The bat hits you but does no damage.
The bat closely misses you. The adder barely misses you.
You closely miss the adder.
You feel sick. The bat closely misses you. The adder barely misses you.
You sock the adder!
You kill the adder!
You are feeling very hungry.
You feel sick. The bat misses you.
You closely miss the bat.
You feel sick. The bat closely misses you.
You sock the bat!
You kill the bat!
You feel sick.
Are you sure you want to abandon this character and quit the game? (Confirm with "yes".)

♣♣♣...♣
♣♣♣♣♣♣......♣♣#.#
♣..[♣♣♣...♣.♣♣♣♣♣♣♣
#.# ♣♣......♣♣.♣♣ #.#
♣♣♣♣♣♣♣♣♣♣♣ ##.# #...
#### #...
##############..# #.##
.......>..(..)..# #.#
######@######'######.#
#)....#.......#.#
#†....#.......#.#
......#.......#.#
.......#.......#.#
........#.......#.##
..#......#.......#.##
...##.....#.......#.##
... ......#.......#.##


There were no monsters in sight!

Vanquished Creatures
  3 adders (D:2)
  A worm (D:2)
  A dart slug (D:1)
  A leopard gecko (D:1)
  4 bats
  3 giant cockroaches (D:1)
  7 hobgoblins
  A frilled lizard (D:1)
  6 goblins
  5 kobolds
  4 rats (D:1)
36 creatures vanquished.

Notes
Turn   | Place    | Note
-------+----------+-------------------------------------------
     0 | D:1      | graki42 the Ogre Chaos Knight began the quest for the Orb.
     0 | D:1      | Reached XP level 1. HP: 24/24 MP: 1/1
   102 | D:1      | XOM: divination: magic mapping
   133 | D:1      | Reached XP level 2. HP: 27/33 MP: 2/2
   224 | D:1      | Found a glowing golden altar of the Shining One.
   581 | D:1      | Reached XP level 3. HP: 40/40 MP: 3/3
   831 | D:2      | XOM: divination: magic mapping
   973 | D:2      | XOM: enchant monster (bad)
  1011 | D:2      | Reached skill level 5 in Maces & Flails
  1024 | D:2      | Reached XP level 4. HP: 26/49 MP: 4/4
  1138 | D:2      | XOM: god gift: white potion {god gift}
  1152 | D:2      | Quit the game

Skill      XL: |  1  2  3 |
---------------+----------+-----
Maces & Flails | 5 |  5.3
Fighting       | |  4.8
Dodging        | |  2.6
Stealth        | |  0.2

Action                   |  1- 3 |  4- 6 || total
-------------------------+-------+-------++-------
Melee: Mace              |    48 |    11 ||    59
       Whip              |   118 |       ||   118
  Use: Scroll            |     2 |       ||     2
 Stab: Sleeping          |     1 |       ||     1
Armor: Robe              |    59 |     7 ||    66
Dodge: Dodged            |    88 |    16 ||   104
